 Dungeon Crawl Stone Soup version 0.28.0-43-g3370ac3207 (webtiles) character file.

Game seed: 5764593793097592457

725 Ablot the Grasshopper (level 7, -7/56 HPs)
             Began as a Gnoll Warper on Mar 14, 2022.
             Mangled by an ogre
             ... wielding a +0 giant club
              (17 damage)
             ... on level 5 of the Dungeon.
             The game lasted 00:09:54 (6579 turns).

Ablot the Grasshopper (Gnoll Warper)                Turns: 6579, Time: 00:09:55

Health: -7/56      AC:  9    Str: 12    XL:     7   Next: 71%
Magic:  15/15      EV: 13    Int: 12    God:
Gold:   120        SH:  0    Dex: 12    Spells: 15/17 levels left

rFire   . . .      SeeInvis .   a - +0 spear
rCold   . . .      Faith    .   (no shield)
rNeg    . . .      Spirit   .   b - +2 leather armour {Will+}
rPois   .          Reflect  .   v - +0 helmet
rElec   .          Harm     .   x - +2 cloak
rCorr   .          Rampage  .   (no gloves)
Will    +....                   (no boots)
Stlth   ++........              (no amulet)
HPRegen 0.18/turn               (no ring)
MPRegen 0.14/turn               (no ring)

@: no status effects
A: fangs 1, strong nose, distributed training
a: no special abilities


You were on level 5 of the Dungeon.
You visited 2 branches of the dungeon, and saw 6 of its levels.

You collected 120 gold pieces.

Inventory:

Hand Weapons
 a - a +0 spear (weapon)
 w - a +0 flail of holy wrath
 z - a +2 quarterstaff of chaos
Missiles
 d - 5 boomerangs of dispersal
 f - 174 stones (quivered)
 h - 11 bolts
 k - 44 sling bullets
 l - 16 arrows
 y - 2 poisoned darts
Armour
 b - a +2 leather armour of willpower (worn)
 q - +0 ice dragon scales
 v - a +0 helmet (worn)
 x - a +2 cloak (worn)
Jewellery
 A - a +6 ring of strength
Wands
 p - a wand of flame (35)
 t - a wand of paralysis (1)
Scrolls
 c - a scroll of blinking
 g - 4 scrolls of enchant weapon {unknown}
 j - a scroll of enchant armour {unknown}
 n - 4 scrolls of identify {unknown}
 o - a scroll of fear {unknown}
 s - 3 scrolls of teleportation {unknown}
 u - a scroll of amnesia {unknown}
 C - a scroll of magic mapping {unknown}
Potions
 e - a potion of curing
 i - a potion of berserk rage {unknown}
 m - a potion of magic {unknown}
 r - a potion of mutation {unknown}
 B - a potion of heal wounds {unknown}


   Skills:
 + Level 5.3 Fighting
 + Level 2.6 Short Blades
 + Level 2.6 Long Blades
 + Level 2.6 Axes
 + Level 2.6 Maces & Flails
 + Level 5.3 Polearms
 + Level 2.6 Staves
 + Level 2.6 Slings
 + Level 2.6 Bows
 + Level 2.6 Crossbows
 + Level 3.7 Throwing
 + Level 3.7 Armour
 + Level 5.3 Dodging
 + Level 2.6 Stealth
 + Level 2.6 Shields
 + Level 2.6 Unarmed Combat
 + Level 5.7 Spellcasting
 + Level 2.1 Conjurations
 + Level 2.1 Hexes
 + Level 2.1 Summonings
 + Level 2.1 Necromancy
 + Level 5.9 Translocations
 + Level 2.1 Transmutations
 + Level 2.1 Fire Magic
 + Level 2.1 Ice Magic
 + Level 2.1 Air Magic
 + Level 2.1 Earth Magic
 + Level 2.1 Poison Magic
 + Level 3.0 Invocations
 + Level 2.6 Evocations


You had 15 spell levels left.
You knew the following spells:

 Your Spells              Type           Power      Damage    Failure   Level
a - Blink                 Tloc           34%        N/A       3%          2

Your spell library contained the following spells:

 Spells                   Type           Power      Damage    Failure   Level
 Gell's Gravitas          Tloc           17%        N/A       6%          3
 Lesser Beckoning         Tloc           17%        N/A       6%          3
 Teleport Other           Tloc           17%        N/A       6%          3
 Ensorcelled Hibernation  Hex/Ice        16%        N/A       14%         2
 Passwall                 Tmut/Erth      6%         N/A       14%         2
 Frozen Ramparts          Ice            16%        1d3       28%         3
 Swiftness                Air            8%         N/A       28%         3
 Manifold Assault         Tloc           17%        N/A       50%         5
 Ice Form                 Ice/Tmut       8%         N/A       67%         4
 Summon Ice Beast         Ice/Summ       8%         N/A       67%         4


Dungeon Overview and Level Annotations

Branches:
Dungeon (5/15)             Temple (1/1) D:4

Altars:
Ashenzari
Dithmenos
Hepliaklqana
Makhleb
Nemelex Xobeh
Okawaru
Sif Muna
Trog
Uskayaw
Yredelemnul

Shops:
D:1 ([

Annotations:
D:4 3 runed translucent doors, exclusion: 3 doors, Elsvaer's ghost, amateur DECj


Innate Abilities, Weirdness & Mutations

You have very sharp teeth.
Your uncanny sense of smell can sniff out nearby items.
Your experience applies equally to all skills.


Message History

You see here a +0 giant club.
f - 174 stones (gained 1)
y - a poisoned dart
y - 2 poisoned darts (gained 1) Partly explored, can't reach some items.
Partly explored, can't reach some items.
There is a stone staircase leading down here.
You see here a +0 whip.
There is a stone staircase leading down here.
You climb downwards.
Found 16 stones.
There is a stone staircase leading up here.
An ogre comes into view. It is wielding a +0 giant club.
Found a wand of paralysis (13).
The ogre shouts!
You reach to attack!
You hit the ogre.
The ogre is lightly wounded.
You hit the ogre.
The ogre is lightly wounded.
The ogre hits you with a +0 giant club!
You completely miss the ogre.
The ogre is lightly wounded.
The ogre hits you with a +0 giant club!
You are too injured to fight recklessly!
You are too injured to fight recklessly!
You hit the ogre.
The ogre is lightly wounded.
You hit the ogre. You bite the ogre.
The ogre is moderately wounded.
The ogre barely misses you.
You hit the ogre.
The ogre is heavily wounded.
You hit the ogre but do no damage.
The ogre is heavily wounded.
The ogre hits you with a +0 giant club!
* * * LOW HITPOINT WARNING * * *
You hit the ogre.
The ogre is heavily wounded.
The ogre hits you with a +0 giant club!
You die...

##+##
##...##
##.....##
##.......##
#.........#
+<......./+
#...@O....#
##....(..##
##.....##
##...##
##+##


You could see an ogre.

Vanquished Creatures
  Edmund (D:4)
  2 ogres (D:4)
  A bullfrog (D:4)
  A bullfrog zombie (D:5)
  Crazy Yiuf (D:3)
  2 hounds (D:4)
  Jessica (D:3)
  Terence (D:3)
  2 hound skeletons (D:4)
  Robin (D:3)
  4 adders
  4 gnolls (D:3)
  2 worms (D:3)
  2 orcs
  8 ball pythons
  8 endoplasms
  4 giant cockroaches
  6 hobgoblins
  10 jackals
  A quokka (D:3)
  5 bats
  A frilled lizard (D:3)
  14 goblins
  8 kobolds
  2 rats (D:1)
92 creatures vanquished.

Vanquished Creatures (others)
  6 plants (D:2)
6 creatures vanquished.

Grand Total: 98 creatures vanquished

Notes
Turn   | Place    | Note
-------+----------+-------------------------------------------
     0 | D:1      | Ablot the Gnoll Warper began the quest for the Orb.
     0 | D:1      | Reached XP level 1. HP: 20/20 MP: 6/6
   714 | D:1      | Reached XP level 2. HP: 25/26 MP: 7/7
   717 | D:1      | Learned a level 2 spell: Blink
   869 | D:1      | Found Gaduxuq's Antique Armour Shop.
  1055 | D:1      | Found Gulikh's Weapon Boutique.
  1216 | D:1      | Found a faded altar of an unknown god.
  1547 | D:2      | Reached skill level 5 in Spellcasting
  1547 | D:2      | Reached XP level 3. HP: 13/31 MP: 7/9
  1770 | D:2      | Reached skill level 1 in Invocations
  2335 | D:2      | Reached skill level 1 in Short Blades
  2335 | D:2      | Reached skill level 1 in Long Blades
  2335 | D:2      | Reached skill level 1 in Axes
  2335 | D:2      | Reached skill level 1 in Maces & Flails
  2335 | D:2      | Reached skill level 1 in Staves
  2335 | D:2      | Reached skill level 1 in Slings
  2335 | D:2      | Reached skill level 1 in Bows
  2335 | D:2      | Reached skill level 1 in Crossbows
  2335 | D:2      | Reached skill level 1 in Stealth
  2335 | D:2      | Reached skill level 1 in Shields
  2335 | D:2      | Reached skill level 1 in Unarmed Combat
  2335 | D:2      | Reached skill level 1 in Evocations
  2445 | D:2      | Reached XP level 4. HP: 26/38 MP: 11/11
  2622 | D:3      | Noticed Jessica
  2840 | D:3      | Killed Jessica
  2841 | D:3      | Reached skill level 1 in Conjurations
  2841 | D:3      | Reached skill level 1 in Hexes
  2841 | D:3      | Reached skill level 1 in Summonings
  2841 | D:3      | Reached skill level 1 in Necromancy
  2841 | D:3      | Reached skill level 1 in Transmutations
  2841 | D:3      | Reached skill level 1 in Fire Magic
  2841 | D:3      | Reached skill level 1 in Ice Magic
  2841 | D:3      | Reached skill level 1 in Air Magic
  2841 | D:3      | Reached skill level 1 in Earth Magic
  2841 | D:3      | Reached skill level 1 in Poison Magic
  3169 | D:3      | Noticed Terence
  3180 | D:3      | Reached XP level 5. HP: 34/43 MP: 12/12
  3872 | D:3      | You fall into a shaft and drop 2 floors!
  3872 | D:5      | Entered Level 5 of the Dungeon
  3912 | D:5      | HP: 2/43 [bullfrog zombie (3)]
  3917 | D:5      | HP: 1/43 [bullfrog zombie (2)]
  4235 | D:4      | Noticed an ogre
  4261 | D:4      | Noticed Edmund
  4376 | D:3      | Noticed Robin
  4418 | D:3      | Killed Robin
  4615 | D:3      | Found a runed translucent door.
  4616 | D:3      | Noticed Crazy Yiuf
  4628 | D:3      | Killed Crazy Yiuf
  4629 | D:3      | Reached XP level 6. HP: 50/50 MP: 13/13
  4734 | D:3      | Killed Terence
  4828 | D:4      | Killed Edmund
  4829 | D:4      | Reached skill level 5 in Fighting
  4829 | D:4      | Reached skill level 5 in Polearms
  4829 | D:4      | Reached skill level 5 in Dodging
  5342 | D:4      | Noticed Elsvaer's ghost (amateur DECj)
  5345 | D:4      | Found a runed translucent gate.
  5345 | D:4      | Found a runed translucent gate.
  5345 | D:4      | Found a runed translucent gate.
  5358 | D:4      | Found a staircase to the Ecumenical Temple.
  5361 | D:4      | Reached XP level 7. HP: 56/56 MP: 15/15
  5366 | Temple   | Entered the Ecumenical Temple
  6094 | D:4      | Found a burning altar of Makhleb.
  6579 | D:5      | Mangled by an ogre

Illustrated notes

Levels and vault maps discovered:
D:1:      minmay_arrival_jagged, layout_basic, serial_shops,
          nicolae_shop_bloodbath_and_beyond, nicolae_shop_window_shopping,
          shapermc_ecumenical_altar_hornbeckon
D:2:      layout_loops_ring, serial_forest, infiniplex_forest_clump_small,
          infiniplex_forest_corner_1, infiniplex_forest_clump_tiny,
          infiniplex_forest_diagonal, infiniplex_forest_lined_2,
          infiniplex_forest_split, infiniplex_forest_straight_3,
          infiniplex_forest_straight_2
D:3:      layout_loops_ring, feat_on_display, uniq_robin, uniq_jessica,
          uniq_crazy_yiuf_cottage, uniq_terence
D:4:      minmay_wonky_spiral, layout_loops_ring, makhleb_blood_cavern_becter,
          minmay_temple_entry_tees, gammafunk_ghost_split, uniq_edmund
D:5:      layout_loops_corners, nzn_wu_jian_contemplation, vehumet_altar_wand_db
Temple:   jpeg_temple_island

Skill      XL: |  1  2  3  4  5  6  7 |
---------------+----------------------+-----
Spellcasting   | 5 |  5.7
Invocations    | 1 2 3 |  3.0
Short Blades   | 1 2 |  2.6
Long Blades    | 1 2 |  2.6
Axes           | 1 2 |  2.6
Maces & Flails | 1 2 |  2.6
Staves         | 1 2 |  2.6
Slings         | 1 2 |  2.6
Bows           | 1 2 |  2.6
Crossbows      | 1 2 |  2.6
Stealth        | 1 2 |  2.6
Shields        | 1 2 |  2.6
Unarmed Combat | 1 2 |  2.6
Evocations     | 1 2 |  2.6
Conjurations   | 1 2 |  2.1
Hexes          | 1 2 |  2.1
Summonings     | 1 2 |  2.1
Necromancy     | 1 2 |  2.1
Transmutations | 1 2 |  2.1
Fire Magic     | 1 2 |  2.1
Ice Magic      | 1 2 |  2.1
Air Magic      | 1 2 |  2.1
Earth Magic    | 1 2 |  2.1
Poison Magic   | 1 2 |  2.1
Throwing       | 3 |  3.7
Armour         | 3 |  3.7
Fighting       | 5 |  5.3
Polearms       | 5 |  5.3
Dodging        | 5 |  5.3
Translocations | |  5.9

Action                   |  1- 3 |  4- 6 |  7- 9 || total
-------------------------+-------+-------+-------++-------
Melee: Spear             |   160 |   268 |    70 ||   498
       Bite              |     9 |    29 |     8 ||    46
       Punch             |     1 |     6 |     1 ||     8
Throw: Stone             |       |     1 |     3 ||     4
       Dart              |       |     9 |     6 ||    15
 Cast: Blink             |       |     4 |       ||     4
Evoke: Wand              |       |     6 |       ||     6
 Stab: Sleeping          |     1 |       |       ||     1
       Paralysed         |       |    17 |       ||    17
Armor: Leather armour    |    44 |    49 |    11 ||   104
Dodge: Dodged            |   100 |   103 |    32 ||   235
